[Event "EU-ch 12th"]
[Site "Aix les Bains"]
[Date "2011.03.22"]
[Round "1"]
[White "Rublevsky, Sergei"]
[Black "Zude, Erik"]
[Result "1-0"]
[ECO "B87"]
[WhiteElo "2678"]
[BlackElo "2409"]
[Annotator "Reeh,O"]
[PlyCount "39"]
[EventDate "2011.03.22"]
[EventType "swiss"]
[EventRounds "11"]
[EventCountry "FRA"]
[SourceTitle "CBM 142 Extra"]
[Source "ChessBase"]
[SourceDate "2011.06.27"]
[SourceVersion "1"]
[SourceVersionDate "2011.06.27"]
[SourceQuality "1"]
[TimeControl "40/5400+30:1800+30"]

1. e4 c5 2. Nf3 d6 3. d4 cxd4 4. Nxd4 Nf6 5. Nc3 a6 6. Bc4 e6 7. Bb3 b5 (7...
Be7 8. Be3 O-O 9. Qe2 Nc6 10. O-O-O Qc7 11. g4 Nxd4 12. Rxd4 Nd7 13. g5 Nc5 14.
e5 $6 d5 (14... dxe5 {Bronstein,D (2590)-Lein,A (2510) URS-ch39 Leningrad 1971
(9) 1-0}) 15. f4 b5 $132 {Bronstein}) 8. O-O Be7 9. Qf3 Qb6 10. Be3 Qb7 11. Qg3
O-O (11... b4) 12. Bh6 Ne8 13. Rfe1 Bd7 (13... Kh8 $142) (13... Bf6) 14. Rad1
Nc6 $2 ({This was the moment to force the white Bh6 to retreat:} 14... Kh8 15.
Bg5 Bxg5 16. Qxg5 Nc6 17. Nce2 Nf6 18. Ng3 h6 19. Qh4 a5 20. a3 Ne5 21. Qf4 a4
22. Ba2 b4 23. Qe3 Rfc8 24. h3 Rab8 25. f4 {1/2-1/2 Huebner,R (2605) -Tisdall,
J (2465)/Haifa 1989/EU-chT}) 15. Nd5 $1 {'A first indication that opening the
e-file would involve great dangers for Black.'} Bd8 (15... exd5 16. Nxc6 {
followed by 17.exd5 and White wins back the piece with a huge advantage}) 16.
Nf5 $1 $40 {The forced opening of the e-file adds to the fire against the
point g7.} ({RR} 16. Nxc6 Bxc6 17. Nf4 Bxe4 18. f3 Bg6 19. Nxg6 hxg6 20. Bf4 d5
21. c3 Rc8 22. Bc1 b4 23. cxb4 Qxb4 24. Qf4 Bb6+ 25. Kh1 Qxf4 26. Bxf4 Nc7 27.
a4 a5 28. Rc1 Na6 29. Rxc8 Rxc8 30. Rc1 Rxc1+ {Gasparian,T-Bulatovic,D (2265)/
Rimavska Sobota 1992/EXT 1997/0-1 (53)}) 16... exf5 17. exf5 {The threat is 18.
Rxe8 and 19.Qxg7++!'} Ne5 ({After Nach} 17... g6 {one of the numerous ways to
win} 18. fxg6 hxg6 19. Rxe8 $1 Rxe8 20. Nf6+ Kh8 (20... Bxf6 21. Qxg6+) 21. Qh4
$1 {and White checkmates: und Weiß setzt matt:} Bg4 (21... Bxf6 22. Qxf6+ Kg8
23. Qg7#) 22. Bf8+ Bh5 23. Qg5) 18. Rxe5 $1 {Sweeping away a potential
defender of the point g7 - no ...Ng6!'} dxe5 19. f6 {'The coup-de-grâce - the
point g7 is finally conquered.} g6 (19... Qc6 {Reeh,Oliver (hoping for 20.
fxg7? Qxh6) is simply met by} 20. Bxg7 $1) ({while the pawn is untouchable:
und der Bauer ist unantastbar:} 19... Bxf6 {Reeh, Oliver} 20. Nxf6+ Kh8 (20...
Nxf6 21. Qxg7#) 21. Nxe8 {and the threat 22. Qxg7++ is supported by two minor
pieces!}) 20. Ne7+ {'and Black resigned since both after 20...Kh8 and 20...
Bxe7 21.fxe7 he loses the Rf8, with an ongoing white attack. The ChessBase
Online database contains no less than six games where exactly this position
was reached!'} 1-0